AoeStats
← Warningeye

Nomad

510054544Analyzed
2v2 RM · 2d ago on Sep 29, 2026· 21m 38s· 4 players
Game mode
Random Map
Map size
176×176
Population
200
Speed
Normal
Resources
Standard
Victory
Conquest
Starting age
Dark Age
Ending age
Imperial Age
RankedLock teamsTeams togetherTeam positionsShared explorationLock speedFull tech treeHidden civsTurbo modeCheats
Victory
Defeat
🇬🇧 Chinese · United Kingdom
1081
+13
🇹🇷 Teutons · Türkiye
939
+20
🇺🇸 Spanish · United States
1023
-17
🇪🇸 Danes · Spain
1005
-16
MIERES
8:35 Loom
13:56 Feudal Age
18:16 Castle Age
16:39 Double-Bit Axe
AgentFlea
4:12 Loom
14:29 Feudal Age
16:51 Double-Bit Axe
19:33 Castle Age
18:37 Fletching
20:30 Bodkin Arrow
irfan_serce_14716
3:08 Loom
17:14 Feudal Age
19:11 Double-Bit Axe
23:28 Castle Age
21:40 Horse Collar
21:53 Stone Mining
21:57 Gold Mining
Warningeye
3:11 Loom
14:12 Feudal Age
14:38 Double-Bit Axe
18:08 Forging
21:17 Castle Age
19:18 Horse Collar
19:59 Fishing Lines
Connection lost

Rejoining the realm…

Still unreachable

The connection could not be restored.

Session expired

The server has moved on; the page needs a fresh start.